ITL
DETROIT X-WINGS @ TOPEKA TORNADOS
07/07/2027
 
TOP OF THE 1ST
Detroit X-Wings batting - Pitching for Topeka Tornados : LHP Tommy Campbell
Pitching: LHP Tommy Campbell
Batting: RHB Júlio López 0-0: Ground out 6-3 (Groundball, 6)
Batting: RHB Enrique Aguilar 0-0: Ball
1-0: Ball
2-0: Ball
3-0: Called Strike
3-1: Foul Ball, location: 2F
3-2: Foul Ball, location: 2F
3-2: Ground out 5-3 (Groundball, 56)
Batting: LHB Juan Colón 0-0: Called Strike
0-1: SINGLE (Line Drive, 6D)
Batting: LHB Juan Jose Pineda 0-0: Ball
1-0: Fielders Choice at 2nd, 4-6 (Groundball, 4)
Top of the 1st over - 0 run(s), 1 hit(s), 0 error(s), 0 left on base; Detroit 0 - Topeka 0
BOTTOM OF THE 1ST
Topeka Tornados batting - Pitching for Detroit X-Wings : RHP Jorge Gómez
Pitching: RHP Jorge Gómez
Batting: RHB Desi Thompson 0-0: Ball
1-0: Ball
2-0: Ball
3-0: Base on Balls
Batting: RHB Armando Méndez 0-0: Grounds into double play, 5-4-3 (Groundball, 56)
Batting: RHB Bob Hall 0-0: Ball
1-0: Ball
2-0: Ball
3-0: Called Strike
3-1: SINGLE (Groundball, 56D)
Batting: LHB Yoshiaki Ohayashi 0-0: Ball
1-0: Called Strike
1-1: Ball
2-1: Ball
3-1: Called Strike
3-2: Foul Ball, location: 2F
3-2: Ground out 5-3 (Groundball, 56)
Bottom of the 1st over - 0 run(s), 1 hit(s), 0 error(s), 1 left on base; Detroit 0 - Topeka 0
TOP OF THE 2ND
Detroit X-Wings batting - Pitching for Topeka Tornados : LHP Tommy Campbell
Batting: LHB Jeremy Cox 0-0: Ball
1-0: Ball
2-0: Fly out, F8 (Flyball, 8LD)
Batting: RHB Keith Sims 0-0: Ball
1-0: Ball
2-0: Foul Ball, location: 2F
2-1: Called Strike
2-2: Foul Ball, location: 2F
2-2: Foul Ball, location: 2F
2-2: Ball
3-2: Base on Balls
Batting: RHB Gary Witt 0-0: Ball
1-0: Foul Ball, location: 2F
1-1: DOUBLE (Flyball, 89M)
Keith Sims to third
Runner from 3rd tries for Home, SAFE, no throw
Batting: RHB Jorge Castillo 0-0: Ball
1-0: Ball
2-0: Ball
3-0: Base on Balls
Batting: SHB Felipe Detorres 0-0: Grounds into double play, 4-6-3 (Groundball, 4)
Top of the 2nd over - 1 run(s), 1 hit(s), 0 error(s), 1 left on base; Detroit 1 - Topeka 0
BOTTOM OF THE 2ND
Topeka Tornados batting - Pitching for Detroit X-Wings : RHP Jorge Gómez
Batting: LHB Tom Robinson 0-0: Called Strike
0-1: Ball
1-1: SINGLE (Line Drive, 8RS)
Batting: RHB Dave Henderson 0-0: Ball
1-0: Called Strike
1-1: Foul Ball, location: 2F
1-2: SINGLE (Groundball, 5L) (infield hit)
Tom Robinson to second
Batting: LHB Ramón Pérez 0-0: Ball
1-0: Ball
2-0: Foul Ball, location: 2F
2-1: Called Strike
2-2: Ball
3-2: Base on Balls
Tom Robinson to third
Dave Henderson to second
Batting: RHB Gabriel Santana 0-0: Ball
1-0: Foul Ball, location: 2F
1-1: Ball
2-1: Ball
3-1: Foul Ball, location: 2F
3-2: Foul Ball, location: 2F
3-2: Fly out, F7 (Flyball, 7LS)
Batting: LHB Rusty Clinton 0-0: Ball
1-0: DOUBLE (Line Drive, 8LM)
Tom Robinson scores
Dave Henderson scores
Ramón Pérez to third
Batting: RHB Desi Thompson 0-0: Called Strike
0-1: DOUBLE (Groundball, 5L)
Ramón Pérez scores
Rusty Clinton scores
Batting: RHB Armando Méndez 0-0: Ball
1-0: Ball
2-0: Called Strike
2-1: Foul Ball, location: 2F
2-2: Ball
3-2: Fly out, F7 (Flyball, 7LSF)
Batting: RHB Bob Hall 0-0: Called Strike
0-1: Ball
1-1: Ball
2-1: Foul Ball, location: 2F
2-2: Foul Ball, location: 2F
2-2: Ball
3-2: Foul Ball, location: 2F
3-2: SINGLE (Flyball, 8LS)
Desi Thompson to third
Desi Thompson scores
Batting: LHB Yoshiaki Ohayashi 0-0: Called Strike
0-1: Foul Ball, location: 2F
0-2: Ball
1-2: Strikes out swinging
Bottom of the 2nd over - 5 run(s), 5 hit(s), 0 error(s), 1 left on base; Detroit 1 - Topeka 5
TOP OF THE 3RD
Detroit X-Wings batting - Pitching for Topeka Tornados : LHP Tommy Campbell
Batting: RHB Júlio López 0-0: Called Strike
0-1: SINGLE (Groundball, 5S) (infield hit)
Batting: RHB Enrique Aguilar 0-0: Ground out 6-3 (Groundball, 6S)
Júlio López to second
Batting: LHB Juan Colón 0-0: SINGLE (Line Drive, 8LS)
Júlio López to third
Batting: LHB Juan Jose Pineda 0-0: Called Strike
0-1: Ball
1-1: Fielders Choice at 2nd, 4-6 (Groundball, 34)
Júlio López scores
Batting: LHB Jeremy Cox 0-0: Called Strike
0-1: Foul Ball, location: 2F
0-2: Strikes out swinging
Top of the 3rd over - 1 run(s), 2 hit(s), 0 error(s), 1 left on base; Detroit 2 - Topeka 5
BOTTOM OF THE 3RD
Topeka Tornados batting - Pitching for Detroit X-Wings : RHP Jorge Gómez
Batting: LHB Tom Robinson 0-0: Called Strike
0-1: Fly out, F7 (Flyball, 7)
Batting: RHB Dave Henderson 0-0: Called Strike
0-1: Swinging Strike
0-2: Ball
1-2: Foul Ball, location: 2F
1-2: Strikes out swinging
Batting: LHB Ramón Pérez 0-0: Foul Ball, location: 2F
0-1: Called Strike
0-2: Foul Ball, location: 2F
0-2: Ball
1-2: Fly out, F9 (Flyball, 9S)
Bottom of the 3rd over - 0 run(s), 0 hit(s), 0 error(s), 0 left on base; Detroit 2 - Topeka 5
TOP OF THE 4TH
Detroit X-Wings batting - Pitching for Topeka Tornados : LHP Tommy Campbell
Batting: RHB Keith Sims 0-0: Called Strike
0-1: Swinging Strike
0-2: TRIPLE (Groundball, 5L)
Batting: RHB Gary Witt 0-0: Called Strike
0-1: Ball
1-1: Ball
2-1: Ball
3-1: Base on Balls
Batting: RHB Jorge Castillo 0-0: Called Strike
0-1: Called Strike
0-2: Ball
1-2: Ball
2-2: Ball
3-2: Base on Balls
Gary Witt to second
Batting: SHB Felipe Detorres 0-0: SINGLE (Line Drive, 78S)
Keith Sims scores
Gary Witt to third
Jorge Castillo to second
Batting: RHB Júlio López 0-0: Ball
1-0: Foul Ball, location: 2F
1-1: Ground out U3 (Groundball, 34S)
Gary Witt scores
Jorge Castillo to third
Felipe Detorres to second
Batting: RHB Enrique Aguilar 0-0: Ball
1-0: Foul Ball, location: 2F
1-1: Ground out 5-3 (Groundball, 56S)
Jorge Castillo scores
Felipe Detorres to third
Batting: LHB Juan Colón 0-0: Called Strike
0-1: Foul Ball, location: 2F
0-2: Hit by Pitch
Batting: LHB Juan Jose Pineda 0-0: Called Strike
0-1: Ball
1-1: Ball
2-1: Foul Ball, location: 2F
2-2: Strikes out looking
Top of the 4th over - 3 run(s), 2 hit(s), 0 error(s), 2 left on base; Detroit 5 - Topeka 5
BOTTOM OF THE 4TH
Topeka Tornados batting - Pitching for Detroit X-Wings : RHP Jorge Gómez
Batting: RHB Gabriel Santana 0-0: Called Strike
0-1: Called Strike
0-2: Ball
1-2: Ball
2-2: Ball
3-2: Ground out 1-3 (Groundball, 15)
Batting: LHB Rusty Clinton 0-0: Called Strike
0-1: Ball
1-1: Ground out 3-1 (Groundball, 34)
Batting: RHB Desi Thompson 0-0: Ground out 6-3 (Groundball, 6)
Bottom of the 4th over - 0 run(s), 0 hit(s), 0 error(s), 0 left on base; Detroit 5 - Topeka 5
TOP OF THE 5TH
Detroit X-Wings batting - Pitching for Topeka Tornados : LHP Tommy Campbell
Batting: LHB Jeremy Cox 0-0: Called Strike
0-1: Foul Ball, location: 2F
0-2: Foul Ball, location: 2F
0-2: Strikes out swinging
Batting: RHB Keith Sims 0-0: Called Strike
0-1: Ball
1-1: Swinging Strike
1-2: Ball
2-2: Ball
3-2: Strikes out swinging
Batting: RHB Gary Witt 0-0: Ball
1-0: Called Strike
1-1: Swinging Strike
1-2: Ball
2-2: Ball
3-2: Base on Balls
Pitching: RHP Bill Coffey
Batting: RHB Jorge Castillo 0-0: Called Strike
0-1: Called Strike
0-2: Strikes out looking
Top of the 5th over - 0 run(s), 0 hit(s), 0 error(s), 1 left on base; Detroit 5 - Topeka 5
BOTTOM OF THE 5TH
Topeka Tornados batting - Pitching for Detroit X-Wings : RHP Jorge Gómez
Batting: RHB Armando Méndez 0-0: SINGLE (Groundball, 6MD)
Batting: RHB Bob Hall 0-0: Called Strike
0-1: Ball
1-1: Ball
2-1: Ball
3-1: Base on Balls
Armando Méndez to second
Batting: LHB Yoshiaki Ohayashi 0-0: Ball
1-0: Called Strike
1-1: Called Strike
1-2: Ball
2-2: Strikes out swinging
Batting: LHB Tom Robinson 0-0: Ball
1-0: Grounds into double play, 4-6-3 (Groundball, 4)
Bottom of the 5th over - 0 run(s), 1 hit(s), 0 error(s), 1 left on base; Detroit 5 - Topeka 5
TOP OF THE 6TH
Detroit X-Wings batting - Pitching for Topeka Tornados : RHP Bill Coffey
Batting: SHB Felipe Detorres 0-0: SINGLE (Line Drive, 56D)
Batting: RHB Júlio López 0-0: Swinging Strike
0-1: Foul Ball, location: 2F
0-2: SINGLE (Groundball, 4D)
Felipe Detorres to second
Runner from 2nd tries for 3rd, SAFE, no throw
Batting: RHB Enrique Aguilar 0-0: Called Strike
0-1: Ball
1-1: Ball
2-1: Fielders Choice at 2nd, 1-6 (Groundball, P)
Batting: LHB Juan Colón 0-0: Fly out, F6 (Popup, 6MD)
Batting: LHB Juan Jose Pineda 0-0: Called Strike
0-1: Fly out, F9 (Flyball, 9LS)
Top of the 6th over - 0 run(s), 2 hit(s), 0 error(s), 2 left on base; Detroit 5 - Topeka 5
BOTTOM OF THE 6TH
Topeka Tornados batting - Pitching for Detroit X-Wings : RHP Jorge Gómez
Pitching: RHP Felipe Téllez
Batting: RHB Dave Henderson 0-0: Foul Ball, location: 2F
0-1: Ball
1-1: Foul Ball, location: 2F
1-2: Ball
2-2: Ball
3-2: Foul Ball, location: 2F
3-2: Strikes out swinging
Batting: LHB Ramón Pérez 0-0: Ball
1-0: Called Strike
1-1: Ball
2-1: Ball
3-1: Foul Ball, location: 2F
3-2: Base on Balls
Batting: RHB Gabriel Santana 0-0: Ball
1-0: Swinging Strike
1-1: Called Strike
1-2: Ball
2-2: Strikes out looking
Ramón Pérez steals 2nd base
Batter strikes out.
Batting: LHB Rusty Clinton 0-0: SINGLE (Line Drive, 78M)
Ramón Pérez to third
Batting: RHB Desi Thompson 0-0: Called Strike
0-1: Swinging Strike
0-2: Ball
1-2: Ball
2-2: Foul Ball, location: 2F
2-2: Ball
3-2: Foul Ball, location: 2F
3-2: Foul Ball, location: 2F
3-2: Base on Balls
Rusty Clinton to second
Batting: RHB Armando Méndez 0-0: Foul Ball, location: 2F
0-1: Ball
1-1: Foul Ball, location: 2F
1-2: Ball
2-2: Foul Ball, location: 2F
2-2: Foul Ball, location: 2F
2-2: Strikes out swinging
Bottom of the 6th over - 0 run(s), 1 hit(s), 0 error(s), 3 left on base; Detroit 5 - Topeka 5
TOP OF THE 7TH
Detroit X-Wings batting - Pitching for Topeka Tornados : RHP Bill Coffey
Pinch Hitting: LHB Paul Alston 0-0: Ball
1-0: Ball
2-0: Called Strike
2-1: Ball
3-1: Base on Balls
Pinch Hitting: LHB Chris Loudermilk 0-0: Called Strike
0-1: Foul Ball, location: 2F
0-2: Foul Ball, location: 2F
0-2: Ball
1-2: Strikes out swinging
Batting: RHB Gary Witt 0-0: Foul Ball, location: 2F
0-1: Called Strike
0-2: Ball
1-2: Ball
2-2: Strikes out swinging
Batting: RHB Jorge Castillo 0-0: Called Strike
0-1: Ball
1-1: Ball
2-1: Ball
3-1: Base on Balls
Paul Alston to second
Batting: SHB Felipe Detorres 0-0: Ball
1-0: Ball
2-0: Called Strike
2-1: Ball
3-1: Fly out, F4 (Popup, 4)
Top of the 7th over - 0 run(s), 0 hit(s), 0 error(s), 2 left on base; Detroit 5 - Topeka 5
BOTTOM OF THE 7TH
Topeka Tornados batting - Pitching for Detroit X-Wings : RHP Felipe Téllez
Now at 1B: Paul Alston
Now in CF: Chris Loudermilk
Batting: RHB Bob Hall 0-0: Called Strike
0-1: Swinging Strike
0-2: Strikes out swinging
Pitching: LHP Javier Duarte
Batting: LHB Yoshiaki Ohayashi 0-0: Ball
1-0: Ball
2-0: Ball
3-0: Base on Balls
Batting: LHB Tom Robinson 0-0: Called Strike
0-1: Called Strike
0-2: Ball
1-2: Ball
2-2: Foul Ball, location: 2F
2-2: Ball
3-2: Foul Ball, location: 2F
3-2: Foul Ball, location: 2F
3-2: Foul Ball, location: 2F
3-2: Fly out, F8 (Flyball, 8RD)
Batting: RHB Dave Henderson 0-0: Swinging Strike
0-1: Foul Ball, location: 2F
0-2: Foul Ball, location: 2F
0-2: Strikes out swinging
Bottom of the 7th over - 0 run(s), 0 hit(s), 0 error(s), 1 left on base; Detroit 5 - Topeka 5
TOP OF THE 8TH
Detroit X-Wings batting - Pitching for Topeka Tornados : RHP Bill Coffey
Batting: RHB Júlio López 0-0: Ball
1-0: Ball
2-0: Ball
3-0: Called Strike
3-1: Swinging Strike
3-2: Strikes out looking
Batting: RHB Enrique Aguilar 0-0: Ball
1-0: Swinging Strike
1-1: Foul Ball, location: 2F
1-2: Ball
2-2: DOUBLE (Line Drive, 7D)
Batting: LHB Juan Colón 0-0: Intentional Walk
Batting: LHB Juan Jose Pineda 0-0: Ball
1-0: Ball
2-0: Called Strike
2-1: Ball
3-1: Foul Ball, location: 2F
3-2: Base on Balls
Enrique Aguilar to third
Juan Colón to second
Batting: LHB Paul Alston 0-0: Ball
1-0: Foul Ball, location: 2F
1-1: Ball
2-1: Ball
3-1: Base on Balls
Enrique Aguilar scores
Juan Colón to third
Juan Jose Pineda to second
Batting: LHB Chris Loudermilk 0-0: Ball
1-0: Ball
2-0: Foul Ball, location: 2F
2-1: Called Strike
2-2: Fly out, F7 (Flyball, 7LSF)
Runner from 3rd tags up, SCORES, no throw
Batting: RHB Gary Witt 0-0: Called Strike
0-1: SINGLE (Groundball, 25) (infield hit)
Juan Jose Pineda to third
Paul Alston to second
Pitching: RHP Masamichi Samurakami
Batting: RHB Jorge Castillo 0-0: Ball
1-0: Foul Ball, location: 2F
1-1: Ball
2-1: Swinging Strike
2-2: Foul Ball, location: 2F
2-2: Fielders Choice at 2nd, 6-4 (Groundball, 6)
Top of the 8th over - 2 run(s), 2 hit(s), 0 error(s), 2 left on base; Detroit 7 - Topeka 5
BOTTOM OF THE 8TH
Topeka Tornados batting - Pitching for Detroit X-Wings : LHP Javier Duarte
Batting: LHB Ramón Pérez 0-0: Called Strike
0-1: Ball
1-1: Foul Ball, location: 2F
1-2: Ball
2-2: Ground out 1-3 (Groundball, P)
Batting: RHB Gabriel Santana 0-0: Ball
1-0: Ball
2-0: Swinging Strike
2-1: Foul Ball, location: 2F
2-2: TRIPLE (Flyball, 89D)
Pitching: LHP Richard Dorris
Batting: LHB Rusty Clinton 0-0: Called Strike
0-1: Called Strike
0-2: Ball
1-2: SINGLE (Groundball, 6S) (infield hit)
Gabriel Santana scores
Batting: RHB Desi Thompson 0-0: SINGLE (Groundball, 4MD)
Rusty Clinton to second
Pinch Hitting: RHB Don Thomas 0-0: Called Strike
0-1: Ball
1-1: SINGLE (Flyball, 8RS)
Rusty Clinton to third
Desi Thompson to second
Runner from 3rd tries for Home, SAFE, no throw
Batting: RHB Bob Hall 0-0: Ball
1-0: Called Strike
1-1: Called Strike
1-2: Foul Ball, location: 2F
1-2: SINGLE (Groundball, 6MD)
Desi Thompson to third
Don Thomas to second
Runner from 3rd tries for Home, SAFE, no throw
Pitching: RHP Art Kelley
Batting: LHB Yoshiaki Ohayashi 0-0: Ball
1-0: Foul Ball, location: 2F
1-1: Foul Ball, location: 2F
1-2: Foul Ball, location: 2F
1-2: Ball
2-2: Ball
3-2: Grounds into double play, 4-6-3 (Groundball, 4)
Bottom of the 8th over - 3 run(s), 5 hit(s), 0 error(s), 1 left on base; Detroit 7 - Topeka 8
TOP OF THE 9TH
Detroit X-Wings batting - Pitching for Topeka Tornados : RHP Masamichi Samurakami
Pitching: LHP John Livingston
Now at SS: José González
Batting: SHB Felipe Detorres 0-0: Ball
1-0: Swinging Strike
1-1: Ball
2-1: Called Strike
2-2: Strikes out looking
Batting: RHB Júlio López 0-0: Swinging Strike
0-1: Ball
1-1: Swinging Strike
1-2: Ball
2-2: Fly out, F9 (Flyball, 9LS)
Batting: RHB Enrique Aguilar 0-0: Ground out U3 (Groundball, 34)
Top of the 9th over - 0 run(s), 0 hit(s), 0 error(s), 0 left on base; Detroit 7 - Topeka 8
Thursday, March 30th, 2017 - OOTP Baseball 17.12 Build 75